 Dungeon Crawl Stone Soup version 0.30-a0-368-g86fb4627a9 (webtiles) character file.

Game seed: 15781027144189419231

232 qeuew the Chopper (level 5, -10/41 (42) HPs)
             Began as a Demonspawn Chaos Knight on Nov 18, 2022.
             Was a Plaything of Xom.
             Mangled by a wight
             ... wielding a +6 halberd
              (12 damage)
             ... on level 3 of the Dungeon.
             The game lasted 00:02:09 (1695 turns).

qeuew the Chopper (Demonspawn Chaos Knight)         Turns: 1695, Time: 00:02:12

HP:   -10/41 (42)   AC:  5    Str: 14    XL:     5   Next: 73%
MP:   5/5           EV: 11    Int: 14    God:    Xom [..*...]
Gold: 137           SH:  0    Dex: 12    Spells: 4/4 levels left

rFire   . . .      SeeInvis .    b - +2 battleaxe (vorpal)
rCold   . . .      Faith    .    (shield currently unavailable)
rNeg    + . .      Spirit   .    i - +0 ring mail
rPois   .          Reflect  .    (helmet restricted)
rElec   .          Harm     .    (no cloak)
rCorr   .          Rampage  .    (no gloves)
Will    .....                    (no boots)
Stlth   +.........               (no amulet)
HPRegen 0.26/turn                d - ring of positive energy
MPRegen 0.09/turn                (no ring)

@: lightly drained
A: horns 1, spiny 1, demonic touch 1
a: Renounce Religion


You were on level 3 of the Dungeon.
You worshipped Xom.
You were a toy of Xom.
You visited 1 branch of the dungeon, and saw 3 of its levels.

You collected 151 gold pieces.
You spent 14 gold pieces at shops.

Inventory:

Hand Weapons
 b - a +2 vorpal battleaxe (weapon)
Armour
 i - a +0 ring mail (worn)
Jewellery
 d - a ring of positive energy (left hand)
Scrolls
 e - a scroll of fear {unknown}
 f - a scroll of amnesia
 h - a scroll of vulnerability {unknown}
 k - a scroll of teleportation
Potions
 a - a potion of brilliance
 g - 2 potions of curing {unknown}
 j - a potion of haste
Miscellaneous
 c - a piece from Xom's chessboard (15/15) (quivered)


   Skills:
 + Level 3.7 Fighting
 * Level 4.1 Axes
 + Level 2.7 Armour
 + Level 2.1 Dodging
 + Level 1.9 Evocations


You had 4 spell levels left.
You didn't know any spells.
Your spell library contained the following spells:

 Spells                   Type           Power      Damage    Failure   Level
 Cigotuvi's Dreadful Rot  Necr/Pois/Air  0%         N/A       65%         2
 Poisonous Vapours        Pois/Air       0%         N/A       65%         2
 Mephitic Cloud           Conj/Pois/Air  0%         N/A       86%         3


Dungeon Overview and Level Annotations

Branches:
Dungeon (3/15)

Altars:
Dithmenos
Fedhas
Sif Muna
Xom

Shops:
D:3 !*


Innate Abilities, Weirdness & Mutations

You have a pair of small horns on your head.
You are partially covered in sharp spines.
Your touch may inflict minor irresistible damage on your foes.


Message History

Jessica is struck by your spines.
You kill Jessica!
g - 2 dark potions (gained 1)
Things that are here:
a +0 dagger; a +0 robe; the human corpse of Jessica
Found Soilargh's Distillery.
Key pressed, stopping explore.
No target in view!
There is an entrance to Soilargh's Distillery here.
l - a potion of degeneration Thank you for shopping at Soilargh's Distillery!
You drop a potion of degeneration.
You now have 137 gold pieces (gained 12).
You open the door.
There is an open door here. 3 wights come into view.
A wight is wielding a +0 flail of venom.
There are monsters nearby!
There are monsters nearby!
You barely miss the wight.
You headbutt the wight, but do no damage.
The wight hits you with a +0 scimitar!
The wight hits you from afar with a +6 halberd!
The wight misses you.
There are monsters nearby!
You are too injured to fight recklessly!
You are too injured to fight recklessly!
You are too injured to fight recklessly!
You slash the wight!
The wight is severely damaged.
The wight barely misses you. The wight misses you.
You closely miss the wight. You headbutt the wight.
The wight is almost destroyed.
The wight hits you with a +0 scimitar!
* * * LOW HITPOINT WARNING * * *
You partially resist.
You feel drained.
* * * LOW HITPOINT WARNING * * *
The wight hits you from afar with a +6 halberd!
You die...
Xom roars with laughter!

...........#.............
...######'#######....###.
.. #.# ####....)... . #.#
#......>.### ## #.#
..........# #.. #.#
...........# ##... #.#
...........# .....z##.#
##.........# .....zz@.#
#.........# ###.######
#.........# ..........#
.........#


You could see 3 wights.

Vanquished Creatures
  A black bear (D:3)
  Crazy Yiuf (D:2)
  Jessica (D:3)
  An iguana (D:3)
  An adder (D:2)
  A worm (D:3)
  3 dart slugs
  7 endoplasms
  A giant cockroach (D:3)
  4 goblins
  4 hobgoblins
  2 jackals (D:3)
  A kobold (D:3)
  A quokka (D:2)
  2 ball pythons
  4 bats
  A frilled lizard (D:3)
  3 rats
39 creatures vanquished.

Notes
Turn   | Place    | Note
-------+----------+-------------------------------------------
     0 | D:1      | qeuew the Demonspawn Chaos Knight began the quest for the
                  | Orb.
     0 | D:1      | Reached XP level 1. HP: 18/18 MP: 1/1
    86 | D:1      | Reached skill level 1 in Dodging
    97 | D:1      | XOM: silly message
   139 | D:1      | Gained mutation: You are partially covered in sharp spines.
                  | [demonic ancestry]
   139 | D:1      | Reached XP level 2. HP: 22/24 MP: 2/2
   144 | D:1      | XOM: scenery: create altars
   299 | D:1      | XOM: 3-stop teleportation journey
   409 | D:1      | Reached skill level 3 in Axes
   557 | D:1      | XOM: god gift: scroll labelled VOOSMU BONU {god gift}
   719 | D:2      | XOM: smoke on damage
   746 | D:2      | Discovered your monstrous ancestry.
   746 | D:2      | Gained mutation: Your touch may inflict minor irresistible
                  | damage on your foes. [demonic ancestry]
   746 | D:2      | Reached XP level 3. HP: 26/29 MP: 3/3
   893 | D:2      | Reached skill level 1 in Evocations
   955 | D:2      | Found a runed translucent door.
   956 | D:2      | Noticed Crazy Yiuf
  1076 | D:2      | Killed Crazy Yiuf
  1077 | D:2      | Gained mutation: You have a pair of small horns on your
                  | head. [demonic ancestry]
  1077 | D:2      | Reached XP level 4. HP: 20/35 MP: 4/4
  1097 | D:3      | Noticed a black bear
  1099 | D:3      | XOM: silly message
  1106 | D:3      | Killed a black bear
  1107 | D:3      | Reached XP level 5. HP: 15/41 MP: 5/5
  1253 | D:3      | XOM: 1-stop teleportation journey
  1354 | D:3      | Found a shadowy altar of Dithmenos.
  1357 | D:3      | Found a shimmering blue altar of Sif Muna.
  1360 | D:3      | Found a blossoming altar of Fedhas.
  1489 | D:3      | Reached skill level 4 in Axes
  1556 | D:3      | Found Uxtuc's Assorted Antiques.
  1642 | D:3      | Noticed Jessica
  1653 | D:3      | Killed Jessica
  1671 | D:3      | Found Soilargh's Distillery.
  1678 | D:3      | Bought a potion of degeneration for 14 gold pieces
  1695 | D:3      | HP: 2/41 [wight/+0 scimitar (3)]
  1695 | D:3      | Mangled by a wight

Illustrated notes

Levels and vault maps discovered:
D:1:      pf_arrival_petrified_forest, layout_rooms, corner_web_ring,
          minmay_heptomino_w4
D:2:      layout_basic, minmay_fountain_box, uniq_crazy_yiuf_cottage
D:3:      layout_basic, nicolae_vehumet_radiance, mainiacjoe_overflow_alcove_1,
          grunt_temple_overflow_diamond, serial_shops, nicolae_diamond_shop,
          shop, uniq_jessica, uniq_sigmund

Skill      XL: |  1  2  3  4  5 |
---------------+----------------+-----
Dodging        | 1 2 |  2.1
Armour         | 2 |  2.7
Axes           | 3 4 |  4.1
Evocations     | 1 |  1.9
Fighting       | |  3.7

Action                   |  1- 3 |  4- 6 || total
-------------------------+-------+-------++-------
Melee: Hand axe          |    61 |    19 ||    80
       Headbutt          |       |    10 ||    10
       Touch             |       |     2 ||     2
       Battleaxe         |       |    10 ||    10
  Use: Scroll            |     5 |     1 ||     6
       Potion            |     2 |     3 ||     5
Armor: Leather armour    |    20 |     9 ||    29
       Ring mail         |       |     3 ||     3
Dodge: Dodged            |    24 |    13 ||    37

Table legend: (Time is in decaauts)
 A = Elapsed time spent in this place.
 B = Non-inter-level travel time spent in this place.
 C = Inter-level travel time spent in this place.
 D = Time resting spent in this place.
 E = Time spent auto-exploring this place.
 F = Levels seen in this place.
 G = Mean time per level.
                   A        B        C        D        E       F      G
               +--------+--------+--------+--------+--------+-----+--------+
         Total |   1690 |   1662 |     28 |      0 |   1359 |   3 |  563.3 |
       Dungeon |   1690 |   1662 |     28 |      0 |   1359 |   3 |  563.3 |
               +--------+--------+--------+--------+--------+-----+--------+

Top non-repeatable levels by time:
     D:1: 610 daAuts
     D:3: 592 daAuts
     D:2: 488 daAuts
